AA
HARRISBURG CAPITALS @ MONCTON MOHAWKS
05/09/2060
 
TOP OF THE 1ST
Harrisburg Capitals batting - Pitching for Moncton Mohawks : RHP Rudy Vanderpool
Pitching: RHP Rudy Vanderpool
Batting: LHB K.C. Subagja 0-0: Ball
1-0: Swinging Strike
1-1: Ground out 3-1 (Groundball, 34, EV 80.0 MPH)
Batting: RHB Eli Turner 0-0: Fly out, F8 (Flyball, 89D, EV 100.6 MPH)
Batting: LHB Tommy Olson 0-0: Ball
1-0: Swinging Strike
1-1: Ball
2-1: Swinging Strike
2-2: Ball
3-2: Base on Balls
Batting: LHB Carnell Sighel 0-0: Swinging Strike
0-1: Foul Ball, location: 2F
0-2: Ball
1-2: Foul Ball, location: 2F
1-2: Ball
2-2: Ground out 4-3 (Groundball, 4, EV 85.6 MPH)
Top of the 1st over - 0 runs, 0 hits, 0 errors, 1 left on base; Harrisburg 0 - Moncton 0
BOTTOM OF THE 1ST
Moncton Mohawks batting - Pitching for Harrisburg Capitals : LHP Del Jones
Pitching: LHP Del Jones
Batting: RHB Seamus Elliott 0-0: Ball
1-0: Called Strike
1-1: Fly out, F9 (Flyball, 9D, EV 86.2 MPH)
Batting: RHB Derell Machuca 0-0: Called Strike
0-1: Swinging Strike
0-2: SINGLE (Groundball, 34D, EV 97.5 MPH)
Batting: RHB Vincent Manning 0-0: Ball
1-0: Ball
2-0: Grounds into double play, 4-6-3 (Groundball, 34S, EV 84.4 MPH)
Bottom of the 1st over - 0 runs, 1 hit, 0 errors, 0 left on base; Harrisburg 0 - Moncton 0
TOP OF THE 2ND
Harrisburg Capitals batting - Pitching for Moncton Mohawks : RHP Rudy Vanderpool
Batting: RHB Garrett Flickinger 0-0: Swinging Strike
0-1: Called Strike
0-2: Ball
1-2: Foul Ball, location: 2F
1-2: Foul Ball, location: 2F
1-2: Ball
2-2: Fly out, F9 (Flyball, 89S, EV 90.6 MPH)
Batting: RHB Julian Liszewski 0-0: Called Strike
0-1: Swinging Strike
0-2: Strikes out swinging
Batting: RHB Zack Jackson 0-0: Ball
1-0: Ball
2-0: Ball
3-0: Called Strike
3-1: Foul Ball, location: 2F
3-2: Strikes out looking
Top of the 2nd over - 0 runs, 0 hits, 0 errors, 0 left on base; Harrisburg 0 - Moncton 0
BOTTOM OF THE 2ND
Moncton Mohawks batting - Pitching for Harrisburg Capitals : LHP Del Jones
Batting: LHB Joseph Llamas 0-0: Called Strike
0-1: Foul Ball, location: 2F
0-2: Ball
1-2: Ball
2-2: SOLO HOME RUN (Flyball, 78XD, EV 105.0 MPH), Distance : 416 ft
Batting: RHB Wyatt Rivera 0-0: Foul Ball, location: 2F
0-1: Swinging Strike
0-2: Ball
1-2: Ball
2-2: Foul Ball, location: 2F
2-2: Strikes out swinging
Batting: LHB Quincy Mobley 0-0: Ball
1-0: Called Strike
1-1: Ball
2-1: Ball
3-1: Fly out, F2 (Popup, 5SF, EV 76.2 MPH)
Batting: RHB Rick Norris 0-0: Ball
1-0: Swinging Strike
1-1: Swinging Strike
1-2: Ball
2-2: Strikes out swinging
Bottom of the 2nd over - 1 run, 1 hit, 0 errors, 0 left on base; Harrisburg 0 - Moncton 1
TOP OF THE 3RD
Harrisburg Capitals batting - Pitching for Moncton Mohawks : RHP Rudy Vanderpool
Batting: RHB Deric Sykora 0-0: Hit by Pitch
Batting: LHB Tyler Johnson 0-0: Ball
1-0: Swinging Strike
1-1: Ball
2-1: Ground out 6-3 (Groundball, 56, EV 108.1 MPH)
Deric Sykora to second
Batting: LHB K.C. Subagja 0-0: Ball
1-0: Swinging Strike
1-1: Foul Ball, location: 2F
1-2: Ball
2-2: Ball
3-2: Strikes out looking
Batting: RHB Eli Turner 0-0: Fly out, F5 (Line Drive, 56, EV 68.8 MPH)
Top of the 3rd over - 0 runs, 0 hits, 0 errors, 1 left on base; Harrisburg 0 - Moncton 1
BOTTOM OF THE 3RD
Moncton Mohawks batting - Pitching for Harrisburg Capitals : LHP Del Jones
Batting: RHB Elias Boulton 0-0: Foul Ball, location: 2F
0-1: Foul Ball, location: 2F
0-2: Ball
1-2: Ball
2-2: Ball
3-2: Base on Balls
Batting: RHB Brendan Woodman 0-0: Ball
1-0: Foul Ball, location: 2F
1-1: Called Strike
1-2: Grounds into double play, 5-4-3 (Groundball, 56S, EV 93.1 MPH)
Batting: RHB Seamus Elliott 0-0: Reached via error on a dropped throw from SS, E3 (Groundball, 6MS, EV 81.2 MPH)
Batting: RHB Derell Machuca 0-0: Ball
1-0: Ball
2-0: Ball
3-0: Fly out, F8 (Flyball, 89M, EV 80.6 MPH)
Bottom of the 3rd over - 0 runs, 0 hits, 1 error, 1 left on base; Harrisburg 0 - Moncton 1
TOP OF THE 4TH
Harrisburg Capitals batting - Pitching for Moncton Mohawks : RHP Rudy Vanderpool
Batting: LHB Tommy Olson 0-0: Ball
1-0: Ball
2-0: Called Strike
2-1: Ball
3-1: Foul Ball, location: 2F
3-2: Foul Ball, location: 2F
3-2: Foul Ball, location: 2F
3-2: Foul Ball, location: 2F
3-2: Strikes out swinging
Batting: LHB Carnell Sighel 0-0: Called Strike
0-1: Swinging Strike
0-2: Ball
1-2: Ball
2-2: Ball
3-2: Strikes out swinging
Batting: RHB Garrett Flickinger 0-0: Ball
1-0: Ball
2-0: Called Strike
2-1: Swinging Strike
2-2: Foul Ball, location: 2F
2-2: Strikes out looking
Top of the 4th over - 0 runs, 0 hits, 0 errors, 0 left on base; Harrisburg 0 - Moncton 1
BOTTOM OF THE 4TH
Moncton Mohawks batting - Pitching for Harrisburg Capitals : LHP Del Jones
Batting: RHB Vincent Manning 0-0: Ball
1-0: SOLO HOME RUN (Flyball, 89XD, EV 99.4 MPH), Distance : 400 ft
Batting: LHB Joseph Llamas 0-0: Ball
1-0: Ball
2-0: Foul Ball, location: 2F
2-1: Foul Ball, location: 2F
2-2: Foul Ball, location: 2F
2-2: Foul Ball, location: 2F
2-2: Foul Ball, location: 2F
2-2: SOLO HOME RUN (Line Drive, 7D, EV 105.0 MPH), Distance : 394 ft
Batting: RHB Wyatt Rivera 0-0: Ball
1-0: Swinging Strike
1-1: Foul Ball, location: 2F
1-2: Ball
2-2: Foul Ball, location: 2F
2-2: SINGLE (Flyball, 7S, EV 93.8 MPH) - OUT at second base trying to stretch hit.
Batting: LHB Quincy Mobley 0-0: Foul Ball, location: 2F
0-1: Swinging Strike
0-2: Ground out 4-3 (Groundball, 4S, EV 91.9 MPH)
Batting: RHB Rick Norris 0-0: Ball
1-0: Ball
2-0: Ball
3-0: Base on Balls
Batting: RHB Elias Boulton 0-0: Ball
1-0: Ball
2-0: SINGLE (Flyball, 5D, EV 91.9 MPH)
Rick Norris to second
Batting: RHB Brendan Woodman 0-0: Foul Ball, location: 2F
0-1: Ball
1-1: Foul Ball, location: 2F
1-2: Ground out U3 (Groundball, 3, EV 90.0 MPH)
Bottom of the 4th over - 2 runs, 4 hits, 0 errors, 2 left on base; Harrisburg 0 - Moncton 3
TOP OF THE 5TH
Harrisburg Capitals batting - Pitching for Moncton Mohawks : RHP Rudy Vanderpool
Batting: RHB Julian Liszewski 0-0: Called Strike
0-1: Ball
1-1: Foul Ball, location: 2F
1-2: Ball
2-2: Strikes out swinging
Batting: RHB Zack Jackson 0-0: Foul Ball, location: 2F
0-1: Ground out 6-3 (Groundball, 6M, EV 103.8 MPH)
Batting: RHB Deric Sykora 0-0: Fly out, F7 (Flyball, 7, EV 90.0 MPH)
Top of the 5th over - 0 runs, 0 hits, 0 errors, 0 left on base; Harrisburg 0 - Moncton 3
BOTTOM OF THE 5TH
Moncton Mohawks batting - Pitching for Harrisburg Capitals : LHP Del Jones
Batting: RHB Seamus Elliott 0-0: Swinging Strike
0-1: Called Strike
0-2: Ball
1-2: Strikes out swinging
Batting: RHB Derell Machuca 0-0: Ball
1-0: Ball
2-0: Ball
3-0: Called Strike
3-1: Base on Balls
Batting: RHB Vincent Manning 0-0: Called Strike
0-1: Fly out, F5 (Line Drive, 5, EV 65.6 MPH)
Batting: LHB Joseph Llamas 0-0: Foul Ball, location: 2F
0-1: Foul Ball, location: 2F
0-2: SINGLE (Line Drive, 4MD, EV 95.6 MPH)
Derell Machuca to second
Batting: RHB Wyatt Rivera 0-0: Ball
1-0: Ball
2-0: Fly out, F8 (Flyball, 8LD, EV 97.5 MPH)
Bottom of the 5th over - 0 runs, 1 hit, 0 errors, 2 left on base; Harrisburg 0 - Moncton 3
TOP OF THE 6TH
Harrisburg Capitals batting - Pitching for Moncton Mohawks : RHP Rudy Vanderpool
Batting: LHB Tyler Johnson 0-0: Foul Ball, location: 2F
0-1: SINGLE (Line Drive, 6D, EV 95.6 MPH)
Batting: LHB K.C. Subagja 0-0: Ball
1-0: Fielders Choice at 2nd, 5-4 (Groundball, 15, EV 86.9 MPH)
Batting: RHB Eli Turner 0-0: Grounds into double play, 6-4-3 (Groundball, 6, EV 91.9 MPH)
Top of the 6th over - 0 runs, 1 hit, 0 errors, 0 left on base; Harrisburg 0 - Moncton 3
BOTTOM OF THE 6TH
Moncton Mohawks batting - Pitching for Harrisburg Capitals : LHP Del Jones
Batting: LHB Quincy Mobley 0-0: Ball
1-0: Swinging Strike
1-1: Ball
2-1: Ground out 2-3 (Groundball, 2R, EV 68.8 MPH)
Pitching: RHP Samuel Zimmerman
Batting: RHB Rick Norris 0-0: Called Strike
0-1: SINGLE (Groundball, 56S, EV 71.9 MPH) (infield hit)
Batting: RHB Elias Boulton 0-0: Ball
1-0: Foul Ball, location: 2F
1-1: Ball
2-1: Swinging Strike
2-2: Fly out, F5 (Popup, 5, EV 73.8 MPH)
Batting: RHB Brendan Woodman 0-0: Called Strike
0-1: Fly out, F7 (Flyball, 7D, EV 100.0 MPH)
Bottom of the 6th over - 0 runs, 1 hit, 0 errors, 1 left on base; Harrisburg 0 - Moncton 3
TOP OF THE 7TH
Harrisburg Capitals batting - Pitching for Moncton Mohawks : RHP Rudy Vanderpool
Batting: LHB Tommy Olson 0-0: Ball
1-0: Fly out, F9 (Flyball, 9S, EV 93.8 MPH)
Batting: LHB Carnell Sighel 0-0: Ball
1-0: Ball
2-0: Ball
3-0: Base on Balls
Batting: RHB Garrett Flickinger 0-0: Ball
1-0: Ball
2-0: Fielders Choice at 2nd, 4-6 (Groundball, 4, EV 87.5 MPH)
Batting: RHB Julian Liszewski 0-0: Called Strike
0-1: Ball
1-1: Foul Ball, location: 2F
1-2: Hit by Pitch
Garrett Flickinger to second
Batting: RHB Zack Jackson 0-0: Ball
1-0: Ball
2-0: Called Strike
2-1: SINGLE (Line Drive, 6MD, EV 105.0 MPH)
Garrett Flickinger to third
Julian Liszewski to second
Batting: RHB Deric Sykora 0-0: Fly out, F2 (Popup, 23F, EV 82.5 MPH)
Top of the 7th over - 0 runs, 1 hit, 0 errors, 3 left on base; Harrisburg 0 - Moncton 3
BOTTOM OF THE 7TH
Moncton Mohawks batting - Pitching for Harrisburg Capitals : RHP Samuel Zimmerman
Batting: RHB Seamus Elliott 0-0: Swinging Strike
0-1: Ball
1-1: Ground out 4-3 (Groundball, 4D, EV 92.5 MPH)
Batting: RHB Derell Machuca 0-0: Called Strike
0-1: Called Strike
0-2: Ground out 2-3 (Groundball, 2L, EV 65.6 MPH)
Batting: RHB Vincent Manning 0-0: Ball
1-0: Called Strike
1-1: Swinging Strike
1-2: Strikes out swinging
Bottom of the 7th over - 0 runs, 0 hits, 0 errors, 0 left on base; Harrisburg 0 - Moncton 3
TOP OF THE 8TH
Harrisburg Capitals batting - Pitching for Moncton Mohawks : RHP Rudy Vanderpool
Batting: LHB Tyler Johnson 0-0: Foul Ball, location: 2F
0-1: Ball
1-1: Fly out, F4 (Popup, 4D, EV 62.5 MPH)
Batting: LHB K.C. Subagja 0-0: Called Strike
0-1: Foul Ball, location: 2F
0-2: Foul Ball, location: 2F
0-2: Strikes out swinging, 2-3 out at first.
Batting: RHB Eli Turner 0-0: Ball
1-0: Ball
2-0: Foul Ball, location: 2F
2-1: Ground out 5-3 (Groundball, 5, EV 108.1 MPH)
Top of the 8th over - 0 runs, 0 hits, 0 errors, 0 left on base; Harrisburg 0 - Moncton 3
BOTTOM OF THE 8TH
Moncton Mohawks batting - Pitching for Harrisburg Capitals : RHP Samuel Zimmerman
Batting: LHB Joseph Llamas 0-0: Called Strike
0-1: Called Strike
0-2: Ball
1-2: Fly out, F8 (Line Drive, 78M, EV 102.5 MPH)
Batting: RHB Wyatt Rivera 0-0: Called Strike
0-1: Called Strike
0-2: Ball
1-2: Strikes out swinging
Batting: LHB Quincy Mobley 0-0: Fly out, F9 (Flyball, 9, EV 91.2 MPH)
Bottom of the 8th over - 0 runs, 0 hits, 0 errors, 0 left on base; Harrisburg 0 - Moncton 3
TOP OF THE 9TH
Harrisburg Capitals batting - Pitching for Moncton Mohawks : RHP Rudy Vanderpool
Pitching: RHP Jaden Angell
Batting: LHB Tommy Olson 0-0: Swinging Strike
0-1: Ground out 3-1 (Groundball, 34, EV 84.4 MPH)
Batting: LHB Carnell Sighel 0-0: Called Strike
0-1: Ball
1-1: Ground out 4-3 (Groundball, 4, EV 86.9 MPH)
Batting: RHB Garrett Flickinger 0-0: Called Strike
0-1: Ball
1-1: Ground out 5-3 (Groundball, 56, EV 98.8 MPH)
Top of the 9th over - 0 runs, 0 hits, 0 errors, 0 left on base; Harrisburg 0 - Moncton 3
Monday, April 29th , 2024 - OOTP Baseball 23.10 Build 110